 Dungeon Crawl Stone Soup version 0.31.0-32-g396128a36d (webtiles) character file.

Game seed: 2225189657667964053

268 Alphaeus the Ruffian (level 6, -1/41 HPs)
             Began as an Octopode Shapeshifter on Mar 19, 2024.
             Slain by an orc wizard
             ... wielding a +0 dagger
              (2 damage)
             ... on level 4 of the Dungeon.
             The game lasted 00:01:59 (2214 turns).

Alphaeus the Ruffian (Octopode Shapeshifter)        Turns: 2214, Time: 00:01:59

Health: -1/41      AC:  1    Str: 15    XL:     6   Next: 21%
Magic:  6/6        EV: 13    Int: 13    God:
Gold:   135        SH:  0    Dex: 11    Spells: 5/5 levels left

rFire   . .          .
                       - Unarmed
rCold   . . .        (no shield)
rNeg    . . .        (helmet currently unavailable)
rPois   .            (no amulet)
rElec   .            (no ring)
rCorr   .            (no ring)
SInv    .            (no ring)
Will    .....        (no ring)
Stlth   ++           (no ring)
HPRegen 0.26/turn    (no ring)
MPRegen 0.10/turn    (no ring)
                     (no ring)

%: no passive effects
@: confused, beast-form
A: beast (slay +2), almost no armour, amphibious, 8 rings, camouflage 1,
gelatinous body 1, (nimble swimmer 1), tentacles
a: Begin Untransformation


You were on level 4 of the Dungeon.
You were a hulking beast.
You visited 1 branch of the dungeon, and saw 4 of its levels.

You collected 135 gold pieces.

Inventory:

Jewellery
 f - a ring of fire
Talismans
 b - a beast talisman
 c - a flux talisman
 e - a dragon-blood talisman
Scrolls
 d - a scroll of enchant armour {unknown}
 i - a scroll of immolation {unknown}
 j - a scroll of identify {unknown}
 k - a scroll of fog {unknown}
 l - 2 scrolls of revelation {unknown}
 m - a scroll of fear {unknown}
Potions
 a - a potion of lignification
 g - 3 potions of curing {unknown}
 h - 3 potions of enlightenment {unknown}


   Skills:
 + Level 2.4 Fighting
 + Level 3.0 Dodging
 * Level 4.6 Unarmed Combat
 * Level 4.3 Shapeshifting


You had 5 spell levels left.
You didn't know any spells.
Your spell library contained the following spells:

 Spells                   Type           Power      Damage    Failure   Level
 Cigotuvi's Dreadful Rot  Necr/Alch/Air  0%         N/A       43%         2
 Lesser Beckoning         Tloc           0%         N/A       43%         2
 Gell's Gravitas          Tloc           0%         N/A       67%         3
 Summon Ice Beast         Ice/Summ       0%         N/A       67%         3
 Teleport Other           Tloc           0%         N/A       67%         3
 Ignite Poison            Fire/Alch      0%         N/A       97%         4
 Freezing Cloud           Conj/Ice/Air   0%         6-21      100%        5
 Summon Mana Viper        Hex/Summ       0%         N/A       100%        5
 Monstrous Menagerie      Summ           0%         N/A       100%        7


Dungeon Overview and Level Annotations

Branches:
Dungeon (4/15)             Temple (0/1) D:4

Altars:
Dithmenos
Fedhas


Innate Abilities, Weirdness & Mutations

You are a hulking beast.
Your limbs bulge with bestial killing power. (Slay +2)
You cannot wear most types of armour.
You are amphibious.
You can wear up to eight rings at the same time.
Your skin changes colour to match your surroundings (Stealth+).
Your rubbery body absorbs attacks. (AC +1, EV +1)
((You are camouflaged when in or above water. (Stealth+)))
You have tentacles for arms and can constrict up to eight enemies at once.


Message History

You constrict the orc. The orc hits you with a +0 dagger.
The orc wizard barely misses you. The orc wizard closely misses you.
You are too injured to fight recklessly!
You are too injured to fight recklessly!
You are too injured to fight recklessly!
You are too injured to fight recklessly!
You are too injured to fight recklessly!
You are too injured to fight recklessly!
You are too injured to fight recklessly!
You are too injured to fight recklessly!
You are too injured to fight recklessly!
You are too injured to fight recklessly!
You are too injured to fight recklessly!
You are too injured to fight recklessly!
You are too injured to fight recklessly!
You are too injured to fight recklessly!
You are too injured to fight recklessly!
You are too injured to fight recklessly!
You tentacle-slap the orc.
You kill the orc!
The orc wizard closely misses you.
The orc wizard gestures at you while chanting.
You are confused.
You completely miss the orc wizard.
The orc wizard gestures at you while chanting.
The puff of flame misses you.
The orc wizard hits you with a +0 dagger.
The orc wizard attacks as it pursues you!
The orc wizard hits you with a +0 dagger.
Found 2 stones.
Found a staircase to the Ecumenical Temple.
The orc wizard hits you with a +0 dagger.
* * * LOW HITPOINT WARNING * * *
You miss the orc wizard.
Your tentacle-slap misses the orc wizard.
The orc wizard casts a spell at you. The puff of flame hits you!
* * * LOW HITPOINT WARNING * * *
The orc wizard hits you with a +0 dagger.
You die...

.##########
..........##
...........##
............#
.......)....#
......).....##..##
.....~§ .. (


You could see 2 orc wizards.

Vanquished Creatures
  A black bear (D:3)
  Crazy Yiuf (D:3)
  Jessica (D:2)
  An orc wizard (D:4)
  An adder (D:3)
  2 dart slugs (D:1)
  2 ribbon worms
  4 orcs
  6 ball pythons
  8 endoplasms
  2 giant cockroaches
  6 goblins
  6 hobgoblins
  4 jackals (D:1)
  5 kobolds
  3 quokkas
  9 bats
  4 frilled lizards
  11 rats
77 creatures vanquished.

Notes
Turn   | Place    | Note
-------+----------+-------------------------------------------
     0 | D:1      | Alphaeus the Octopode Shapeshifter began the quest for the
                  | Orb.
     0 | D:1      | Reached XP level 1. HP: 13/13 MP: 1/1
    19 | D:1      | Reached XP level 2. HP: 16/18 MP: 2/2
   125 | D:1      | Reached XP level 3. HP: 20/23 MP: 3/3
   804 | D:2      | Found a blossoming altar of Fedhas.
   975 | D:2      | Reached XP level 4. HP: 26/29 MP: 4/4
  1033 | D:2      | Noticed Jessica
  1042 | D:2      | Killed Jessica
  1518 | D:3      | Identified the +5 mace "Hell-Harrower" {speed, rF+ rC- rN+
                  | SInv}
  1580 | D:3      | Reached XP level 5. HP: 31/34 MP: 5/5
  1625 | D:3      | Found a shadowy altar of Dithmenos.
  1735 | D:3      | Found a runed translucent door.
  1736 | D:3      | Noticed Crazy Yiuf
  1875 | D:3      | Noticed a black bear
  1878 | D:3      | Killed a black bear
  2043 | D:3      | Killed Crazy Yiuf
  2044 | D:3      | Reached XP level 6. HP: 6/40 MP: 6/6
  2213 | D:4      | Found a staircase to the Ecumenical Temple.
  2214 | D:4      | HP: 1/41 [orc wizard/puff of flame (11)]
  2214 | D:4      | Slain by an orc wizard

Illustrated notes

Levels and vault maps discovered:
D:1:      grunt_arrival_lava_bath, layout_loops_ring, kennysheep_flooded_box,
          serial_bayou_lagoon_a
D:2:      layout_basic, basic_altar, uniq_jessica
D:3:      layout_basic, nicolae_dithmenos_shadow_blocks, uniq_crazy_yiuf_cottage
D:4:      layout_rooms, grunt_temple_overflow_gold_and_silver,
          minmay_temple_entry_mist, serial_park_tiny_1, grunt_ministairs_2

Skill      XL: |  1  2  3  4  5 |
---------------+----------------+-----
Unarmed Combat | 4 |  4.6
Fighting       | 2 |  2.4
Shapeshifting  | 4 |  4.3
Dodging        | 3 |  3.0

Action                     |  1- 3 |  4- 6 || total
---------------------------+-------+-------++-------
  Melee: Unarmed           |    89 |    52 ||   141
         Constrict         |    20 |    17 ||    37
         Tentacles         |    12 |    12 ||    24
         Punch             |       |     2 ||     2
   Stab: Sleeping          |     5 |     4 ||     9
         Distracted        |     1 |       ||     1
 Armour: Skin              |    30 |    30 ||    60
  Dodge: Dodged            |    55 |    29 ||    84
